 Dungeon Crawl Stone Soup version 0.20-a0-449-g96be121 (webtiles) character file.

123 Amnesiac the Vexing (level 4, -3/30 HPs)
             Began as a Mummy Enchanter on Jan 8, 2017.
             Slain by an orc wizard
             ... wielding a +0 dagger
              (6 damage)
             ... on level 4 of the Dungeon.
             The game lasted 00:04:49 (1649 turns).

Amnesiac the Vexing (Mummy Enchanter)               Turns: 1649, Time: 00:04:50

Health: -3/30      AC:  7    Str: 11    XL:     4   Next: 80%
Magic:  2/9        EV: 11    Int: 14    God:
Gold:   10         SH:  0    Dex: 13    Spells: 1/10 levels left

rFire  x . .     SeeInvis .     i - +0 dagger (elec)
rCold  + . .     Gourm    .     f - +3 leather armour
rNeg   + + +     Faith    .     (no shield)
rPois  ∞         Spirit   .     (no helmet)
rElec  .         Reflect  .     d - +0 cloak
rCorr  .         Harm     .     (no gloves)
MR     .....                    (no boots)
Stlth  ++........               (no amulet)
                                (no ring)
                                (no ring)

@: no status effects
A: no food or potions, fire vulnerability, cold resistance 1, negative energy
resistance 3, torment resistance, unbreathing
a: no special abilities


You were on level 4 of the Dungeon.
You were not hungry.

You visited 1 branch of the dungeon, and saw 4 of its levels.

You collected 10 gold pieces.

Inventory:

Hand Weapons
 b - a +2 morningstar of crushing
 e - a +0 blowgun
 i - a +0 dagger of electrocution (weapon)
Missiles
 g - 5 poisoned needles
Armour
 d - a +0 cloak (worn)
 f - a +3 leather armour (worn)
Wands
 h - a wand of enslavement (10/24)
Books
 c - a book of Maledictions

   Spells                             Type                      Level
   a - Corona                         Hexes                        1
   b - Ensorcelled Hibernation        Hexes/Ice                    2
   c - Confuse                        Hexes                        3
   d - Tukima's Dance                 Hexes                        3
   e - Dazzling Spray                 Conjuration/Hexes            3


   Skills:
 - Level 2.4 Short Blades
 - Level 1.5 Dodging
 - Level 2.4 Stealth
 + Level 3.6 Spellcasting
 * Level 3.8 Hexes


You had one spell level left.
You knew the following spells:

 Your Spells              Type           Power        Failure   Level  Hunger
e - Confuse               Hex            ##......     17%         3    N/A
f - Corona                Hex            ##.....      8%          1    N/A
w - Tukima's Dance        Hex            ##......     17%         3    N/A
z - Ensorcelled Hibernat  Hex/Ice        #.....       21%         2    N/A

Dungeon Overview and Level Annotations

Branches:
Dungeon (4/15)
 Temple: D:4-7

Altars:


Innate Abilities, Weirdness & Mutations

You do not eat or drink.
Your flesh is vulnerable to fire.
You are immune to poison.
Your flesh is cold resistant. (rC+)
You are immune to negative energy. (rN+++)
You are immune to unholy pain and torment.
You can survive without breathing.


Message History

You resist with some effort.
You barely miss the orc wizard. You hit the orc wizard.
The orc wizard is lightly wounded.
The orc wizard gestures at you while chanting.
The puff of flame hits you! The fire burns you terribly!
Ouch! That really hurt!
* * * LOW HITPOINT WARNING * * *
You hit the orc wizard.
The orc wizard is moderately wounded.
The orc wizard gestures at you while chanting.
The magic dart hits you!
* * * LOW HITPOINT WARNING * * *
You hit the orc wizard.
The orc wizard is moderately wounded.
The orc wizard barely misses you.
You hit the orc wizard.
The orc wizard is severely wounded.
The orc wizard hits you with a dagger.
You die...

############# ###
#...........# ##.<
#[#########.###...
#)# #.##.### #@#
#....# # #o#
#.##.### #.#
#.##.... ...
#.##.... .####
#.###### #. #.# #
#.# ..# ... .#
#########


You could see an orc wizard.

Vanquished Creatures
  An orc priest (D:4)
  Jessica (D:3)
  2 adders (D:2)
  2 dart slugs
  4 orcs (D:4)
  A bat (D:2)
  2 giant cockroaches (D:2)
  A goblin (D:2)
  A hobgoblin (D:3)
  6 jackals
  A kobold (D:3)
  A quokka (D:2)
  3 rats
26 creatures vanquished.

Vanquished Creatures (collateral kills)
  Terence (D:4)
1 creature vanquished.

Grand Total: 27 creatures vanquished

Notes
Turn   | Place    | Note
-------+----------+-------------------------------------------
     0 | D:1      | Amnesiac the Mummy Enchanter began the quest for the Orb.
     0 | D:1      | Reached XP level 1. HP: 13/13 MP: 4/4
    15 | D:2      | Found a faded altar of an unknown god.
    36 | D:2      | Reached skill level 1 in Short Blades
    36 | D:2      | Reached XP level 2. HP: 4/19 MP: 3/5
    57 | D:2      | Learned a level 2 spell: Ensorcelled Hibernation
   707 | D:2      | Reached XP level 3. HP: 24/24 MP: 4/7
   728 | D:2      | Learned a level 3 spell: Confuse
   854 | D:3      | Noticed Jessica
  1028 | D:3      | Killed Jessica
  1149 | D:3      | Reached XP level 4. HP: 27/30 MP: 6/8
  1177 | D:3      | Noticed Terence
  1426 | D:4      | Learned a level 3 spell: Tukima's Dance
  1451 | D:4      | Killed Terence
  1649 | D:4      | Slain by an orc wizard

Vault maps used:
D:1:      lemuel_arrival_hallway
D:2:      chequers_ecumenical_altar_simple, uniq_crazy_yiuf_cottage, uniq_robin,
          uniq_iyjb
D:3:      grunt_temple_overflow_growth_and_decay, uniq_jessica, uniq_terence
D:4:      kennysheep_goblin_castle, old_standard_altar

Skill      XL: |  1  2  3 |
---------------+----------+-----
Short Blades   | 1 2 |  2.4
Spellcasting   | 3 |  3.6
Hexes          | 3 |  3.8
Dodging        | |  1.5
Stealth        | |  2.4

Action                   |  1- 3 |  4- 6 || total
-------------------------+-------+-------++-------
Melee: Dagger            |    90 |    30 ||   120
       Morningstar       |       |     8 ||     8
 Cast: Corona            |    22 |     3 ||    25
       Ensorcelled Hiber |     3 |     3 ||     6
       Confuse           |       |     8 ||     8
       Tukima's Dance    |       |     1 ||     1
 Stab: Sleeping          |     2 |     2 ||     4
Armor: Robe              |    14 |       ||    14
       Leather armour    |     3 |    16 ||    19
Dodge: Dodged            |    75 |    28 ||   103
